 Dungeon Crawl Stone Soup version 0.28-a0-687-gb91baff9cc (webtiles) character file.

Game seed: 12703985566581019994

28170 fomalhaut the Thaumaturge (level 13, -23/107 HPs)
             Began as a Black Draconian Conjurer on Oct 19, 2021.
             Was a High Priest of Vehumet.
             Killed from afar by a tengu reaver (42 damage)
             ... with a bolt of acid
             ... on level 13 of the Dungeon on Oct 20, 2021.
             The game lasted 01:45:57 (20689 turns).

fomalhaut the Thaumaturge (DrCj)                   Turns: 20689, Time: 01:45:59

Health: -23/107    AC: 17    Str: 13    XL:     13   Next: 8%
Magic:  0/36       EV: 15    Int: 24    God:    Vehumet [*****.]
Gold:   3055       SH:  0    Dex: 15    Spells: 12/33 levels left

rFire   . . .      SeeInvis .   q - staff of conjuration
rCold   + + .      Faith    .   (no shield)
rNeg    . . .      Spirit   +   (armour unavailable)
rPois   .          Reflect  .   Q - +2 hat {Will+}
rElec   +          Harm     .   h - +1 cloak
rCorr   .          Rampage  .   x - +3 pair of gauntlets of War {Slay+5}
Will    +....      Clarity  +   F - +0 pair of boots of Articulation {rC++ Int+5 Dex-4}
Stlth   +++.......              a - amulet of guardian spirit
HPRegen 0.27/turn               N - ring of magical power
MPRegen 0.25/turn               u - +6 ring of dexterity

@: lethally poisoned (-23 -> -44)
A: breathe lightning, AC +8, unfitting armour, electricity resistance,
cold-blooded, agile 1, clarity, no potion heal 1
a: Breathe Lightning, Renounce Religion


You were on level 13 of the Dungeon.
You worshipped Vehumet.
Vehumet was extremely pleased with you.
You visited 4 branches of the dungeon, and saw 17 of its levels.
You also visited: Ossuary and Bailey.

You collected 3055 gold pieces.

Inventory:

Hand Weapons
 v - a +1 vorpal great sword
 z - a +1 long sword of electrocution
 C - a +6 vorpal spear
Missiles
 L - a throwing net
Armour
 h - a +1 cloak (worn)
 x - the +3 pair of gauntlets of War (worn) {Slay+5}
   (You found it on level 4 of the Dungeon)

   Slay:      It affects your accuracy & damage with ranged weapons and melee
   (+5).
 F - the +0 pair of boots of Articulation (worn) {rC++ Int+5 Dex-4}
   (You found it on level 7 of the Dungeon)

   Int:       It affects your intelligence (+5).
   Dex:       It affects your dexterity (-4).
   rC:        It greatly protects you from cold.
 Q - a +2 hat of willpower (worn)
Magical Staves
 k - a staff of cold
 q - a staff of conjuration (weapon)
Jewellery
 a - an amulet of guardian spirit (around neck)
 t - a ring of ice
 u - a +6 ring of dexterity (right hand)
 N - a ring of magical power (left hand)
Wands
 r - a wand of flame (63)
 H - a wand of acid (8)
 I - a wand of paralysis (8)
 O - a wand of polymorph (5)
Scrolls
 c - 3 scrolls of magic mapping
 d - 3 scrolls of immolation
 l - a scroll of fog
 m - 6 scrolls of teleportation
 o - 2 scrolls of amnesia
 s - a scroll of blinking
 y - 2 scrolls of fear
 D - 3 scrolls of enchant armour
 G - a scroll of holy word {unknown}
 J - a scroll of vulnerability {unknown}
 K - 2 scrolls of enchant weapon
 M - a scroll of silence {unknown}
 P - 3 scrolls of identify
 R - 2 scrolls of brand weapon {unknown}
Potions
 b - 2 potions of flight
 e - a potion of lignification
 f - 2 potions of resistance
 g - 3 potions of heal wounds
 i - a potion of cancellation
 j - 3 potions of mutation
 n - 6 potions of degeneration
 p - 2 potions of attraction
 w - 9 potions of curing
 A - 3 potions of berserk rage
 B - a potion of haste
 E - 2 potions of might


   Skills:
 - Level 8.0 Fighting
 - Level 4.0 Long Blades
 - Level 5.0 Staves
 - Level 7.0 Dodging
 + Level 4.4 Stealth
 + Level 10.7 Spellcasting
 - Level 9.0 Conjurations
 - Level 4.2 Hexes
 - Level 5.4 Translocations
 + Level 7.5 Air Magic
 - Level 7.0 Evocations


You had 12 spell levels left.
You knew the following spells:

 Your Spells              Type           Power      Damage    Failure   Level
a - Magic Dart            Conj           100%       1d8       1%          1
b - Searing Ray           Conj           100%       2d8       1%          2
c - Dazzling Flash        Conj/Hex       100%       N/A       1%          3
d - Fulminant Prism       Conj/Hex       30%        3d16      1%          4
e - Iskenderun's Mystic   Conj/Tloc      64%        2d13      1%          4
f - Static Discharge      Conj/Air       68%        N/A       1%          2
g - Iskenderun's Battles  Conj           71%        2d12      1%          5

Your spell library contained the following spells:

 Spells                   Type           Power      Damage    Failure   Level
 Eringya's Noxious Bog    Tmut/Pois      6%         N/A       85%         6
 Sublimation of Blood     Necr           6%         N/A       8%          2
 Wereblood                Tmut           12%        N/A       8%          2
 Summon Hydra             Summ           6%         N/A       100%        7
 Chain Lightning          Conj/Air       34%        3d45      100%        9
 Fire Storm               Conj/Fire      25%        8d7       100%        9
 Shatter                  Erth           6%         3d9*      100%        9


Dungeon Overview and Level Annotations

Branches:
Dungeon (13/15)            Temple (1/1) D:7            Lair (1/6) D:9
    Orc (2/2) D:12         Vaults (0/5) D:13        Ossuary (visited)
 Bailey (visited)
    Elf: Orc:2

Altars:
Ashenzari
Cheibriados
Dithmenos
Elyvilon
Fedhas
Gozag
Hepliaklqana
Kikubaaqudgha
Makhleb
Nemelex Xobeh
Okawaru
Qazlal
Ru
Sif Muna
Trog
Uskayaw
Vehumet
Wu Jian
Xom
Yredelemnul
Zin
The Shining One
Beogh

Shops:
D:1 *   D:4 *   D:5 [

Portals:
Trove: D:11 (give 4 potions of resistance)

Annotations:
Abyss:1 Robin


Innate Abilities, Weirdness & Mutations

You can breathe wild blasts of lightning.
Your glossy black scales are hard. (AC +8)
You cannot fit into any form of body armour.
You are resistant to electric shocks. (rElec)
You are cold-blooded and may be slowed by cold attacks.
You are agile. (Dex +2)
You possess an exceptional clarity of mind.
Potions are less effective at restoring your health.


Message History

Your battlesphere fires!
The barrage of energy hits the tengu reaver!
The tengu reaver is heavily wounded.
The tengu reaver casts a spell at you. The bolt of cold hits you!! You resist.
The searing ray hits the tengu reaver.
The tengu reaver is heavily wounded.
You finish channelling your searing ray.
Your battlesphere fires!
The barrage of energy hits the tengu reaver!
The tengu reaver is heavily wounded.
Casting: Searing Ray (safe; 1% risk of failure)
Confirm with . or Enter, or press ? or * to list all spells.
Aiming: Searing Ray (safe; 1% risk of failure)
Press: ? - help, Shift-Dir - straight line, f/p - tengu reaver
Aim: a tengu reaver, wielding a +0 great sword and wearing a +2 scale mail of fire resistance (heavily wounded, ally target, 70% to hit)
You feel a surge of power!
The searing ray hits the tengu reaver but does no damage.
The tengu reaver is heavily wounded. (Press . to maintain the ray.)
Your battlesphere fires!
The barrage of energy hits the tengu reaver!
The tengu reaver is severely wounded.
The searing ray hits the tengu reaver!
The tengu reaver is almost dead.
Your battlesphere fires!
The barrage of energy hits the vault guard!!
The vault guard is moderately wounded.
Your battlesphere expends the last of its energy and dissipates.
The tengu reaver points at you and mumbles some strange words.
The bolt of poison hits you!!!
You are poisoned.
* * * LOW HITPOINT WARNING * * *
The searing ray hits the tengu reaver.
The tengu reaver is almost dead.
* * * LOW HITPOINT WARNING * * *
You feel extremely sick.
The tengu reaver gestures at you while chanting.
The bolt of acid hits you!!!
You die...

#......#........# #....#..)..
##....c#........#.' #....#..)..
#.....#........#.# #....#.....
#.....#........#.# #....##....
#.....#........#.# #.....#.>..
#...H.#........#p# #.....#....
#....†#..........#####. #....
#....†.........Q....... #....
#........##.)..@☼.##.. . #....
#.......####.....## . #....
#......## ##...## #.#....
#......## ###'### #.#####
#.......####.....## . #.....#
#.<......##.#...#.# .. #.....#
#.........#.......#... #.....#
#.........'...∩...'... .#....)#
#.........#.......#..(...#.....#


You could see a tengu reaver and a vault guard.

Vanquished Creatures
  A boulder beetle (D:11)
  3 vault guards (D:13)
  2 hydras (D:13)
  5 centaur warriors
  4 two-headed ogres
  A skeletal warrior (D:13)
  An orc knight (D:13)
  The ghost of axecop the Abyss-Baptised, a novice DsAK of Lugonu (D:5)
  2 ugly things (D:12)
  3 cyclopes
  2 deep elf pyromancers (D:13)
  3 manticores (D:13)
  A guardian serpent (shapeshifter) (D:13)
  2 gargoyles
  2 komodo dragons
  A yaktaur (D:13)
  A jumping spider (shapeshifter) (D:13)
  4 trolls
  A hornet (D:11)
  7 slime creatures (D:13)
  Sigmund (D:3)
  3 wraiths
  Eustachio (D:6)
  17 yaks
  5 vampire mosquitoes (D:13)
  A basilisk (D:12)
  2 acid dragons
  13 orc warriors
  3 ice beasts
  2 necrophages
  A sky beast (D:7)
  5 ogres
  3 centaurs
  3 phantoms
  3 kobold brigands
  2 bullfrogs
  3 scorpions
  3 gnoll sergeants
  An elf skeleton (D:6)
  A wyvern skeleton (D:5)
  3 killer bees
  2 howler monkeys
  6 centaur zombies
  2 jellies
  A human zombie (D:6)
  5 orc priests
  A gnoll shaman (D:9)
  2 human skeletons (D:6)
  A centaur skeleton (D:6)
  Terence (D:3)
  2 iguanas
  Natasha (twice) (D:4)
  12 orc wizards
  An ogre zombie (Ossuary)
  A hound skeleton (D:4)
  7 mummies (Ossuary)
  20 gnolls
  7 adders
  2 shadow imps (D:7)
  An adder skeleton (D:4)
  8 adder zombies (Ossuary)
  2 worms
  2 dart slugs (D:2)
  66 orcs
  7 bats
  9 endoplasms
  7 giant cockroaches
  25 goblins
  13 hobgoblins
  11 jackals
  7 quokkas
  3 ball pythons
  7 frilled lizards
  4 goblin zombies (Ossuary)
  7 hobgoblin zombies (Ossuary)
  28 kobolds
  4 kobold zombies (Ossuary)
  An orc skeleton (D:6)
  An orc zombie (D:6)
  A quokka zombie (Ossuary)
  9 rats
  A rat zombie (Ossuary)
422 creatures vanquished.

Vanquished Creatures (others)
  A wizard (D:10)
  15 fulminant prisms
16 creatures vanquished.

Grand Total: 438 creatures vanquished

Notes
Turn   | Place    | Note
-------+----------+-------------------------------------------
     0 | D:1      | fomalhaut the Draconian Conjurer began the quest for the
                  | Orb.
     0 | D:1      | Reached XP level 1. HP: 14/14 MP: 3/3
   287 | D:1      | Found a faded altar of an unknown god.
   330 | D:1      | Reached XP level 2. HP: 17/20 MP: 5/5
   534 | D:1      | Found Tolur's General Store.
   576 | D:1      | HP: 1/20 [kobold (4)]
  1243 | D:1      | Reached XP level 3. HP: 20/26 MP: 3/6
  1791 | D:2      | Learned a level 2 spell: Searing Ray
  1795 | D:2      | Learned a level 3 spell: Dazzling Flash
  2262 | D:3      | Noticed Terence
  2403 | D:3      | Found a shimmering altar of Xom.
  2577 | D:3      | Reached XP level 4. HP: 34/34 MP: 3/7
  2748 | D:3      | Killed Terence
  2749 | D:3      | Reached skill level 1 in Fighting
  2749 | D:3      | Reached skill level 1 in Hexes
  3106 | D:3      | Noticed a necrophage
  3144 | D:3      | Killed a necrophage
  3145 | D:3      | Reached skill level 3 in Spellcasting
  3145 | D:3      | Reached XP level 5. HP: 40/41 MP: 1/9
  3417 | D:3      | Noticed Sigmund
  3556 | D:3      | Noticed Robin
  3566 | D:3      | Banished Robin
  3581 | D:3      | Reached XP level 6. HP: 46/50 MP: 0/10
  4038 | D:3      | Killed Sigmund
  4647 | D:4      | Your scales start taking on a glossy black colour.
  4647 | D:4      | Reached XP level 7. HP: 32/55 MP: 1/12
  4647 | D:4      | Gained mutation: You are resistant to electric shocks.
                  | (rElec) [Black Draconian growth]
  4836 | D:4      | Reached skill level 4 in Spellcasting
  4855 | D:4      | Found a radiant altar of Vehumet.
  5023 | D:4      | Became a worshipper of Vehumet
  5181 | D:4      | Noticed Natasha
  5184 | D:4      | Killed Natasha
  5302 | D:4      | Noticed Natasha
  5308 | D:4      | Killed Natasha
  5423 | D:4      | Found Edoce's Assorted Antiques.
  5972 | D:4      | Found the +3 pair of gauntlets of War {Slay+5}
  6036 | D:5      | Entered Level 5 of the Dungeon
  6196 | D:5      | Reached XP level 8. HP: 57/67 MP: 8/15
  6204 | D:5      | Learned a level 4 spell: Fulminant Prism
  6209 | D:5      | Learned a level 4 spell: Iskenderun's Mystic Blast
  6331 | D:5      | Found Upuocaoc's Antique Armour Shop.
  6484 | D:5      | Reached skill level 5 in Spellcasting
  6575 | D:5      | Found a runed translucent door.
  6604 | D:5      | Noticed axecop's ghost (novice DsAK)
  6608 | D:5      | Reached skill level 5 in Fighting
  6609 | D:5      | Reached * piety under Vehumet
  6609 | D:5      | Offered knowledge of Shock by Vehumet.
  6643 | D:5      | Reached skill level 1 in Long Blades
  6643 | D:5      | Reached skill level 1 in Translocations
  7268 | D:5      | Killed axecop's ghost
  7369 | D:6      | Found a sacrificial altar of Ru.
  7414 | D:6      | Reached skill level 1 in Evocations
  7414 | D:6      | Reached XP level 9. HP: 27/75 MP: 8/16
  7425 | D:6      | Noticed Eustachio
  7445 | D:6      | Killed Eustachio
  7507 | D:6      | Noticed a komodo dragon
  7615 | D:6      | Found a sand-covered staircase.
  7627 | Ossuary  | Entered an ossuary
  7808 | Ossuary  | Offered knowledge of Scorch by Vehumet.
  7829 | Ossuary  | Reached ** piety under Vehumet
  8292 | D:6      | Identified a scroll of acquirement
  8292 | D:6      | Acquired a staff of conjuration
  9030 | D:6      | Reached skill level 5 in Translocations
  9269 | D:6      | Killed a komodo dragon
  9270 | D:6      | Reached skill level 1 in Staves
  9433 | D:7      | Found a glowing silver altar of Zin.
  9452 | D:7      | Offered knowledge of Static Discharge by Vehumet.
  9848 | D:7      | Found a staircase to the Ecumenical Temple.
  9893 | Temple   | Entered the Ecumenical Temple
 10428 | D:7      | Identified the +0 pair of boots of Articulation {rC++ Int+5
                  | Dex-4}
 10432 | D:7      | Reached *** piety under Vehumet
 10980 | D:8      | Reached skill level 5 in Conjurations
 11007 | D:8      | Found an ancient bone altar of Kikubaaqudgha.
 11300 | D:8      | Learned a level 2 spell: Static Discharge
 11439 | D:8      | Reached XP level 10. HP: 76/83 MP: 16/18
 11846 | D:9      | Found a flagged portal.
 11867 | D:9      | Acquired 1113 gold pieces
 11870 | Bailey   | Entered a bailey
 11886 | Bailey   | Offered knowledge of Stone Arrow by Vehumet.
 11901 | Bailey   | Gained mutation: You are dopey. (Int -2) [potion of
                  | mutation]
 11901 | Bailey   | Gained mutation: You have a pair of small antennae on your
                  | head. [potion of mutation]
 11948 | Bailey   | Reached skill level 6 in Spellcasting
 11981 | Bailey   | Reached **** piety under Vehumet
 12021 | Bailey   | Lost mutation: You are dopey. (Int -2) [potion of mutation]
 12021 | Bailey   | Lost mutation: You have a pair of small antennae on your
                  | head. [potion of mutation]
 12021 | Bailey   | Gained mutation: Potions are less effective at restoring
                  | your health. [potion of mutation]
 12021 | Bailey   | Gained mutation: You possess an exceptional clarity of
                  | mind. [potion of mutation]
 12021 | Bailey   | Gained mutation: You are agile. (Dex +2) [potion of
                  | mutation]
 12204 | D:9      | Found a staircase to the Lair.
 12254 | D:9      | Offered knowledge of Iskenderun's Battlesphere by Vehumet.
 12287 | D:9      | Reached skill level 1 in Air Magic
 12921 | D:9      | Noticed a centaur warrior
 12974 | Lair:1   | Entered Level 1 of the Lair of Beasts
 12977 | Lair:1   | Noticed a cane toad
 13337 | D:9      | Killed a centaur warrior
 13763 | D:10     | Entered Level 10 of the Dungeon
 13913 | D:10     | Noticed a two-headed ogre
 14308 | D:10     | Reached skill level 5 in Staves
 14359 | D:10     | Noticed a gargoyle
 14382 | D:10     | Reached skill level 7 in Spellcasting
 14390 | D:10     | Killed a gargoyle
 14506 | D:10     | Learned a level 5 spell: Iskenderun's Battlesphere
 14672 | D:10     | Reached skill level 5 in Air Magic
 14873 | D:10     | Reached XP level 11. HP: 25/92 MP: 6/22
 15015 | D:10     | Found a bloodstained altar of Trog.
 15017 | D:10     | Noticed a wizard
 15022 | D:10     | Killed a wizard
 15724 | D:10     | Reached ***** piety under Vehumet
 15726 | D:10     | Killed a two-headed ogre
 15727 | D:10     | Reached skill level 5 in Evocations
 15942 | D:11     | Paralysed by a hornet for 2 turns
 15948 | D:11     | Paralysed by a hornet for 3 turns
 15955 | D:11     | Reached skill level 5 in Dodging
 16327 | D:11     | Noticed a two-headed ogre
 16338 | D:11     | Killed a two-headed ogre
 16408 | D:11     | Offered knowledge of Eringya's Noxious Bog by Vehumet.
 16409 | D:11     | Reached skill level 8 in Spellcasting
 16721 | D:11     | Noticed a two-headed ogre
 16766 | D:11     | Found a portal to a secret trove of treasure.
 16794 | D:11     | Killed a two-headed ogre
 16933 | D:11     | Identified the +8 fustibalus "Lanaukkule" {freeze, Int+4
                  | Stlth+}
 16975 | D:11     | Noticed a boulder beetle
 17008 | D:11     | Killed a boulder beetle
 17419 | D:12     | Found a staircase to the Orcish Mines.
 17634 | D:12     | Found a shimmering blue altar of Sif Muna.
 18259 | Orc:1    | Entered Level 1 of the Orcish Mines
 18263 | Orc:1    | Noticed a two-headed ogre
 18270 | Orc:1    | Killed a two-headed ogre
 18442 | Orc:2    | Entered Level 2 of the Orcish Mines
 18442 | Orc:2    | Noticed an orc warlord
 18457 | Orc:1    | Upgraded the game from 0.28-a0-683-ga8797d1ae1 to
                  | 0.28-a0-687-gb91baff9cc
 18474 | D:13     | Noticed a brown ugly thing
 18484 | D:12     | Killed a brown ugly thing
 18485 | D:12     | Reached skill level 9 in Spellcasting
 18528 | D:13     | Reached XP level 12. HP: 70/100 MP: 1/25
 18788 | D:13     | Noticed a four-headed hydra
 18794 | D:13     | Killed a four-headed hydra
 18880 | D:13     | Found a runed translucent door.
 18886 | D:13     | Noticed a centaur warrior
 19062 | D:13     | Killed a centaur warrior
 19426 | D:13     | Noticed a centaur warrior
 19431 | D:13     | Noticed a vault guard
 19896 | D:13     | Killed a vault guard
 19906 | D:13     | Noticed a vault guard
 19927 | D:13     | Killed a vault guard
 19928 | D:13     | Reached skill level 10 in Spellcasting
 19931 | D:13     | Noticed a centaur warrior
 19942 | D:13     | Killed a centaur warrior
 20059 | D:13     | Noticed a vault guard
 20067 | D:13     | Killed a vault guard
 20131 | D:13     | Noticed a centaur warrior
 20149 | D:13     | Killed a centaur warrior
 20499 | D:13     | Noticed a six-headed hydra
 20504 | D:13     | Killed a six-headed hydra
 20517 | D:13     | Killed a centaur warrior
 20575 | D:13     | Reached XP level 13. HP: 93/107 MP: 15/27
 20609 | D:13     | Found a gate to the Vaults.
 20682 | D:13     | Noticed a tengu reaver
 20689 | D:13     | Killed from afar by a tengu reaver

Illustrated notes

Levels and vault maps discovered:
D:1:      kennysheep_arrival_seaside, layout_basic,
          dilly_ecumenical_altar_fadedgnrine, serial_shops, shop
D:2:      layout_basic
D:3:      kb_forest_paths, layout_basic, mainiacjoe_overflow_24_doors,
          st_stairs_9, grunt_decor_fettered, uniq_robin, uniq_terence,
          uniq_sigmund
D:4:      layout_basic, vehumet_altar_wand_db, serial_shops, shop,
          chequers_serial_rivers_small_3, uniq_natasha
D:5:      layout_cave_pods, serial_shops, kennysheep_mini,
          ebering_ghost_sewer_d, minmay_misc_feat_tower
D:6:      layout_rooms, lemuel_crystal_altar, nicolae_ossuary_entry_catacombs,
          uniq_eustachio
D:7:      layout_cave_pools, zin_treasury, minmay_temple_entry_antechambers
D:8:      layout_cave_pods, overflow_temple_1_default
D:9:      layout_layer_cave, lair_entry_dummy, enter_bailey_5,
          blue_anna_alchemist
D:10:     layout_roguey [special_room_orc], trog_wizard, feat_on_display
D:11:     layout_basic, enter_trove_3
D:12:     layout_irregular_city, orc_0_dummy, nicolae_sif_muna_condensation
D:13:     layout_irregular_city, lightli_vaults_fourway_checkpoint,
          lightli_airlock
Temple:   eino_temple_scatter_basement
Lair:1:   layout_gridlike, enter_volcano_2
Orc:1:    layout_caves, serial_shops, nicolae_shop_behind_doors, uniq_harold,
          uniq_gastronok
Orc:2:    grunt_orc_gardens, layout_caves, grunt_orc_garden, grunt_orc_garden,
          grunt_orc_garden, grunt_orc_garden, ebering_ghost_inner_flame,
          statue_in_the_mist_lemuel

Skill      XL: |  1  2  3  4  5  6  7  8  9 10 11 12 |
---------------+-------------------------------------+-----
Stealth        | 2 4 |  4.4
Dodging        | 2 3 4 6 7 |  7.0
Fighting       | 2 3 4 6 7 8 |  8.0
Hexes          | 1 2 3 4 |  4.2
Spellcasting   | 3 4 5 7 9 10 | 10.7
Long Blades    | 3 4 |  4.0
Translocations | 3 5 |  5.4
Evocations     | 1 3 4 5 7 |  7.0
Staves         | 2 5 |  5.0
Conjurations   | 5 7 9 |  9.0
Air Magic      | 5 7 |  7.5

Action                   |  1- 3 |  4- 6 |  7- 9 | 10-12 | 13-15 || total
-------------------------+-------+-------+-------+-------+-------++-------
Melee: Spear             |   173 |    19 |       |   133 |       ||   325
       Tailslap          |     6 |     4 |    26 |    27 |     3 ||    66
       Dagger            |       |    70 |    53 |       |       ||   123
       Long sword        |       |       |   188 |     2 |       ||   190
       Staff             |       |       |     7 |    66 |    19 ||    92
 Cast: Magic Dart        |    37 |    28 |    76 |   109 |     2 ||   252
       Searing Ray       |     1 |    19 |    42 |   101 |     4 ||   167
       Fulminant Prism   |       |       |     4 |    11 |       ||    15
       Iskenderun's Batt |       |       |       |    38 |     1 ||    39
       Dazzling Flash    |       |       |       |     2 |       ||     2
       Iskenderun's Myst |       |       |       |    13 |       ||    13
       Static Discharge  |       |       |       |     1 |       ||     1
 Abil: Breathe Lightning |       |       |     8 |     3 |       ||    11
Evoke: Wand              |       |       |       |     2 |       ||     2
  Use: Scroll            |     3 |     4 |    12 |    12 |       ||    31
       Potion            |       |     1 |       |    10 |       ||    11
 Stab: Sleeping          |     2 |       |     5 |       |       ||     7
       Distracted        |       |       |     3 |       |       ||     3
Armor: Skin              |    76 |    29 |   137 |   163 |    10 ||   415
Dodge: Dodged            |   146 |    44 |   259 |   316 |    13 ||   778

Table legend: (Time is in decaauts)
 A = Elapsed time spent in this place.
 B = Non-inter-level travel time spent in this place.
 C = Inter-level travel time spent in this place.
 D = Time resting spent in this place.
 E = Time spent auto-exploring this place.
 F = Levels seen in this place.
 G = Mean time per level.
                   A        B        C        D        E       F      G
               +--------+--------+--------+--------+--------+-----+--------+
         Total |  20768 |  19524 |   1244 |      0 |  14238 |  19 | 1093.1 |
       Dungeon |  19325 |  18102 |   1223 |      0 |  13464 |  13 | 1486.5 |
        Temple |    383 |    374 |      9 |      0 |    358 |   1 |  383.0 |
          Lair |     11 |     11 |      0 |      0 |      0 |   1 |   11.0 |
  Orcish Mines |    200 |    188 |     12 |      0 |    145 |   2 |  100.0 |
       Ossuary |    538 |    538 |      0 |      0 |    165 |   1 |  538.0 |
        Bailey |    308 |    308 |      0 |      0 |    106 |   1 |  308.0 |
               +--------+--------+--------+--------+--------+-----+--------+

Top non-repeatable levels by time:
     D:3: 2193 daAuts
    D:10: 2146 daAuts
     D:9: 1776 daAuts
    D:13: 1750 daAuts
     D:1: 1659 daAuts
     D:4: 1532 daAuts
     D:5: 1527 daAuts
    D:11: 1401 daAuts
    D:12: 1401 daAuts
     D:6: 1367 daAuts
     D:8: 1096 daAuts
     D:7: 794 daAuts
     D:2: 678 daAuts
 Ossuary: 538 daAuts
  Temple: 383 daAuts
